 Dungeon Crawl Stone Soup version 0.19-a0-1587-gaef70b6 (webtiles) character file.

19030 MistressOfTheDunes the Martial Artist (level 12, -27/88 HPs)
             Began as a Mummy Monk on Sept 16, 2016.
             Killed from afar by Harold (39 damage)
             ... with a bolt of fire
             ... on level 3 of the Lair of Beasts.
             The game lasted 01:21:00 (33996 turns).

MistressOfTheDunes the Martial Artist (Mummy Monk) Turns: 33996, Time: 01:21:00

Health: -27/88     AC: 12    Str: 15    XL:     12   Next: 32%
Magic:  12/12      EV: 19    Int:  9    God:
Gold:   988        SH: 12    Dex: 19    Spells: 0 memorised, 11 levels left

rFire  x . .     SeeInvis .       - Unarmed
rCold  + . .     Gourm    .     (no armour)
rNeg   + + +     Faith    .     x - +0 shield
rPois  ∞         Spirit   .     (no helmet)
rElec  .         Dismiss  .     q - +1 cloak
rCorr  .         Reflect  .     m - +0 pair of gloves
MR     +....     Harm     .     z - +2 pair of boots
Stlth  ++........               (no amulet)
                                c - +6 ring of protection {Ring of Invulnerability}
                                (no ring)

@: no status effects
A: no food or potions, fire vulnerability, cold resistance 1, negative energy
resistance 3, torment resistance, unbreathing
a: no special abilities


You were on level 3 of the Lair of Beasts.
You were not hungry.

You visited 2 branches of the dungeon, and saw 17 of its levels.

You collected 988 gold pieces.


Innate Abilities, Weirdness & Mutations

You do not eat or drink.
Your flesh is vulnerable to fire.
You are immune to poison.
Your flesh is cold resistant. (rC+)
You are immune to negative energy. (rN+++)
You are immune to unholy pain and torment.
You can survive without breathing.


   Skills:
 - Level 6.0 Fighting
 - Level 9.8 Dodging
 + Level 1.7 Stealth
 - Level 10.0 Shields
 - Level 10.0 Unarmed Combat


You had 11 spell levels left.
You didn't know any spells.

Inventory:

Armour
 m - a +0 pair of gloves (worn)
 n - a +0 buckler
 o - a +0 large shield
 q - a +1 cloak (worn)
 u - a +0 buckler
 w - a +0 buckler
 x - a +0 shield (worn)
 y - a +0 buckler
 z - a +2 pair of boots (worn)
Jewellery
 c - a +6 ring of protection (right hand) {Ring of Invulnerability}
 k - an uncursed amulet of harm {unknown}
 s - an uncursed amulet of dismissal {unknown}
 t - an uncursed amulet of magic regeneration {unknown}
 v - an uncursed amulet of magic regeneration {unknown}
 F - an uncursed ring of ice
Scrolls
 a - 9 scrolls of magic mapping
 b - a scroll of amnesia
 d - 4 scrolls of teleportation {@r4}
 e - 4 scrolls of fog
 f - 4 scrolls of remove curse
 g - a scroll of noise {!r}
 i - 6 scrolls of blinking
 j - a scroll of torment
 l - 3 scrolls of random uselessness
 r - 4 scrolls of recharging
 A - a scroll of summoning
 C - a scroll of silence {!r}
 D - a scroll of enchant weapon
 E - 3 scrolls of identify {@r1}
Comestibles
 h - 5 fruits (quivered)
 B - 2 royal jellies

Dungeon Overview and Level Annotations

Branches:
Dungeon (12/15)            Temple (0/1) D:5            Lair (5/6) D:11
 Shoals (0/4) Lair:3       Spider (0/4) Lair:4          Orc (0/2) D:9
  Slime: Lair:5-6

Altars:
Ashenzari
Dithmenos
Hepliaklqana
Kikubaaqudgha
Makhleb
Nemelex Xobeh
Okawaru
Qazlal
Ru
Sif Muna
Uskayaw
Vehumet
The Shining One

Shops:
D:8 (

Annotations:
D:5 exclusion: downstairs
D:6 Iwannabefree's ghost, novice DESu
D:7 War
D:9 Troll, exclusion: upstairs
D:10 Durrgin
D:11 Durrgin
D:12 !7 legs, exclusion: hydra
Lair:1 exclusion: 2 downstairs
Lair:2 Gastronok
Lair:3 exclusion: 2 downstairs, Harold
Lair:4 Harry, Nessos

▒▒▒▒▒▒▒≈≈≈≈▒▒.▒▒▒............▒
▒≈≈≈≈≈▒.▒ ▒▒P.........▒▒ ▒▒
▒▒≈≈≈≈▒▒▒ ▒P..▒.f.▒▒▒▒ .▒▒▒▒
▒≈≈≈≈▒ ▒.........▒ ....▒▒
▒▒≈≈▒▒ ▒.▒▒......▒ .....▒
▒▒▒▒▒▒ ▒▒▒▒......▒
.)..▒▒▒▒....▒▒▒▒▒▒▒▒▒......▒
...▒...'....+...▒▒.▒▒......▒
......▒▒....▒.▒.M@..▒.>....▒▒
...+..▒▒....▒▒.▒.P..'......f▒
....▒.▒▒....▒▒▒▒▒▒▒▒▒......▒▒
...▒▒▒▒.......▒ ▒......▒ .▒▒▒
▒▒..P▒▒▒▒ ▒▒▒▒▒▒▒▒ ▒▒ ▒▒▒▒▒


You could see Harold.


Message History

Harold is moderately wounded!
Harold hits you with a flail!!!
You are too injured to fight recklessly!!!
You are too injured to fight recklessly!!!
You are too injured to fight recklessly!!!
You are too injured to fight recklessly!!!
You squash Harold like an ant!!!
Harold is heavily wounded!
You pummel Harold but do no damage!
Harold is heavily wounded!
Harold gestures at you while chanting! The bolt of fire hits you!!!
The fire burns you terribly!!! * * * don't die
* * * You pulverise Harold!
Harold is heavily wounded!
Harold hits you with a flail!!! * * * don't die
* * * You barely miss Harold!
Harold is heavily wounded!
You block Harold's attack!
You squash Harold like an ant!
Harold is heavily wounded!
You barely miss Harold!
Harold is heavily wounded!
Harold closely misses you!
You completely miss Harold!
Harold is heavily wounded!
Harold casts a spell at you! The bolt of fire hits you!!!
The fire burns you terribly!!! rip

Action                   |  1- 3 |  4- 6 |  7- 9 | 10-12 || total
-------------------------+-------+-------+-------+-------++-------
Melee: Unarmed           |   149 |   456 |   624 |  1720 ||  2949
       Punch             |     2 |    19 |    25 |     6 ||    52
  Use: Scroll            |       |     1 |    10 |    15 ||    26
 Stab: Sleeping          |     8 |     3 |     8 |     1 ||    20
       Distracted        |       |       |     1 |     5 ||     6
Armor: Skin              |    39 |   132 |   168 |   272 ||   611
Dodge: Dodged            |   100 |   313 |   440 |   957 ||  1810
Block: Shield            |       |       |       |   861 ||   861

Vault maps used:
D:1:      sevenhm_arrival_forest_fort_large_2, glass_columns_a,
          minmay_crystal_water
D:2:      nicolae_overflow_crystal_walls, first_bread, nicolae_ru_awakened_eye
D:3:      nemelex_xobeh_ov_fountains_minmay, cheibriados_altar_wand_db
D:4:      grunt_temple_overflow_open, minmay_lizard_king
D:5:      marbit_many_paths, overflow_temple_1_default
D:6:      lemuel_coloured_pillars_altar, bloody_makhleb, uniq_duvessa
D:8:      kennysheep_mini, serial_shops, shop
D:9:      kennysheep_little_box, orc_0_dummy, uniq_prince_ribbit1
D:11:     david_lair_generic, basic_altar, serial_glass, glass_columns_c,
          glass_columns_c, glass_columns_a, glass_columns_a, glass_columns_a,
          glass_columns_c
D:12:     portal_ice_cave_demonic_guard, hangedman_fish_farm
Lair:1:   basic_altar, beast_lair_carwin_1
Lair:2:   nicolae_lair_grove_arrangements, st_stairs_8, serial_bayou_pond_c,
          uniq_gastronok
Lair:3:   minmay_shoals_entry_lonely_mermaid, st_stairs_11
Lair:4:   spider_nest_entry_rubble, forest_entry_grove, uniq_harold, uniq_nessos
Lair:5:   small_statue_intersection, grunt_megastairs_2

Notes
Turn   | Place    | Note
-------+----------+-------------------------------------------
     0 | D:1      | MistressOfTheDunes the Mummy Monk began the quest for the Orb.
     0 | D:1      | Reached XP level 1. HP: 18/18 MP: 1/1
   220 | D:1      | Reached XP level 2. HP: 18/24 MP: 2/2
   237 | D:1      | Reached skill level 3 in Unarmed Combat
  1013 | D:1      | Reached XP level 3. HP: 21/29 MP: 3/3
  1181 | D:2      | Found a sacrificial altar of Ru.
  1577 | D:2      | Found a stormy altar of Qazlal.
  1601 | D:2      | You fall through a shaft!
  1653 | D:2      | Reached skill level 4 in Unarmed Combat
  1653 | D:2      | Reached XP level 4. HP: 19/35 MP: 4/4
  3106 | D:2      | Found a sacrificial altar of Ru.
  3188 | D:2      | Found a stormy altar of Qazlal.
  3714 | D:3      | Reached XP level 5. HP: 39/41 MP: 5/5
  4087 | D:3      | Found a sparkling altar of Nemelex Xobeh.
  4158 | D:2      | Reached skill level 5 in Unarmed Combat
  5069 | D:2      | Reached skill level 3 in Dodging
  5269 | D:4      | Noticed ThereIsNoGod's ghost (amateur GrGl)
  5858 | D:3      | Noticed dobroeutro's ghost (amateur MiFi)
  6175 | D:2      | Reached XP level 6. HP: 24/47 MP: 6/6
  7211 | D:3      | Reached skill level 4 in Dodging
  8167 | D:4      | Found an ancient bone altar of Kikubaaqudgha.
  8167 | D:4      | Found a hide-covered altar of Uskayaw.
  8194 | D:4      | Found a shadowy altar of Dithmenos.
  8208 | D:4      | Reached XP level 7. HP: 41/52 MP: 7/7
  8330 | D:5      | Entered Level 5 of the Dungeon
  8452 | D:5      | Found a sacrificial altar of Ru.
  8518 | D:5      | Found a staircase to the Ecumenical Temple.
  8727 | D:5      | Found a hazy altar of Hepliaklqana.
  8943 | D:6      | Found a burning altar of Makhleb.
  9000 | D:6      | Reached skill level 6 in Unarmed Combat
  9219 | D:6      | Reached skill level 5 in Dodging
  9359 | D:6      | Noticed Iwannabefree's ghost (novice DESu)
  9783 | D:6      | Found a deep blue altar of Sif Muna.
  9942 | D:6      | Reached skill level 6 in Dodging
  9942 | D:6      | Reached XP level 8. HP: 43/58 MP: 8/8
 10056 | D:6      | Noticed Duvessa
 10057 | D:6      | Noticed Dowan
 10153 | D:6      | Killed Duvessa
 10159 | D:6      | Killed Dowan
 10488 | D:6      | Reached skill level 7 in Unarmed Combat
 12277 | D:7      | Reached skill level 8 in Unarmed Combat
 12283 | D:7      | Reached XP level 9. HP: 57/63 MP: 9/9
 12589 | D:7      | Reached skill level 7 in Dodging
 12886 | D:8      | Found Hageasay's Antique Weapon Shop.
 13147 | D:8      | Reached skill level 8 in Dodging
 13215 | D:8      | Found a glowing golden altar of the Shining One.
 13737 | D:9      | Found a staircase to the Orcish Mines.
 13852 | D:8      | Reached skill level 9 in Unarmed Combat
 14008 | D:9      | Noticed Prince Ribbit
 14186 | D:9      | Found a shattered altar of Ashenzari.
 14422 | D:9      | Reached skill level 1 in Shields
 14772 | D:9      | Noticed a troll
 15428 | D:10     | Entered Level 10 of the Dungeon
 15651 | D:10     | Reached skill level 2 in Shields
 16080 | D:3      | Killed dobroeutro's ghost
 16080 | D:3      | Reached XP level 10. HP: 63/70 MP: 10/10
 16431 | D:4      | Killed ThereIsNoGod's ghost
 16484 | D:5      | Reached skill level 3 in Shields
 16546 | D:6      | Found a burning altar of Makhleb.
 16877 | D:6      | HP: 7/70 [Iwannabefree's ghost (9)]
 17339 | D:8      | Found a glowing golden altar of the Shining One.
 18093 | D:6      | Found a deep blue altar of Sif Muna.
 18534 | D:8      | Reached skill level 4 in Shields
 18544 | D:8      | Killed Prince Ribbit
 19474 | D:11     | Found a staircase to the Lair.
 19474 | D:11     | Noticed an elephant
 19512 | D:11     | Found a radiant altar of Vehumet.
 19591 | D:11     | Reached skill level 5 in Shields
 20570 | D:12     | Noticed a seven-headed hydra
 20671 | Lair:1   | Entered Level 1 of the Lair of Beasts
 20756 | Lair:1   | Reached skill level 6 in Shields
 21595 | Lair:1   | Noticed a spiny frog
 21600 | Lair:1   | Reached skill level 7 in Shields
 21611 | Lair:1   | Killed a spiny frog
 22127 | Lair:1   | Noticed a spiny frog
 22208 | D:11     | Reached skill level 8 in Shields
 22415 | D:10     | HP: 7/70 [burnt (6)]
 22416 | D:10     | HP: 3/70 [burnt (4)]
 22988 | D:10     | Reached XP level 11. HP: 35/75 MP: 11/11
 24091 | D:10     | Reached skill level 9 in Shields
 24867 | Lair:1   | Found an iron altar of Okawaru.
 26682 | Lair:2   | Noticed Gastronok
 26817 | Lair:1   | Found an iron altar of Okawaru.
 28551 | Lair:2   | Reached skill level 10 in Unarmed Combat
 28611 | Lair:2   | Reached skill level 9 in Dodging
 30804 | Lair:3   | Reached XP level 12. HP: 81/81 MP: 12/12
 31143 | Lair:3   | Reached skill level 10 in Shields
 31321 | Lair:3   | Found a staircase to the Shoals.
 31709 | Lair:3   | Reached skill level 4 in Fighting
 32145 | Lair:4   | Noticed Harold
 32148 | Lair:4   | Noticed Nessos
 32158 | Lair:4   | HP: 2/84 [Harold/bolt of fire (31)]
 32886 | Lair:3   | Reached skill level 5 in Fighting
 33485 | Lair:4   | Found a hole to the Spider Nest.
 33553 | Lair:5   | Reached skill level 6 in Fighting
 33996 | Lair:3   | Killed from afar by Harold

Vanquished Creatures
  A siren (Lair:3)
  An elephant (D:11)
  A torpor snail (Lair:3)
  A black mamba (Lair:1)
  7 spiny frogs
  2 rime drakes
  A komodo dragon (Lair:3)
  2 trolls (D:11)
  Prince Ribbit (D:8)
  6 blink frogs
  7 hippogriffs
  A redback (Lair:4)
  A wyvern (Lair:5)
  The ghost of dobroeutro the Slasher, an amateur MiFi (D:3)
  A basilisk (Lair:3)
  11 yaks
  3 hungry ghosts
  A mottled dragon (D:10)
  5 water moccasins
  Duvessa (D:6)
  12 porcupines
  2 orc warriors
  A sky beast (D:7)
  3 eyes of draining
  3 ice beasts
  2 black bears
  2 phantoms
  2 ogres (D:5)
  4 wolves
  A centaur (D:6)
  13 crocodiles
  The ghost of ThereIsNoGod the Chopper, an amateur GrGl (D:4)
  3 big kobolds
  22 bullfrogs
  A gnoll sergeant (D:9)
  Dowan (D:6)
  A wyvern skeleton (D:11)
  2 scorpions
  7 killer bees (D:11)
  3 wights (D:7)
  A howler monkey (D:9)
  A bullfrog zombie (D:8)
  3 crimson imps
  A quasit (D:8)
  4 orc priests
  A wasp zombie (D:8)
  3 centaur skeletons
  4 orc wizards
  2 bullfrog skeletons
  10 hounds
  2 jellies
  4 iguanas
  7 worker ants
  A hound zombie (D:5)
  A howler monkey zombie (D:6)
  11 adders
  15 gnolls
  2 howler monkey skeletons
  55 river rats
  A shadow imp (D:5)
  An adder zombie (D:8)
  5 worms
  4 dart slugs
  9 leopard geckos
  35 orcs
  7 bats
  7 giant cockroaches
  7 goblins
  12 hobgoblins
  11 jackals
  5 quokkas
  2 ball pythons
  9 frilled lizards
  20 kobolds
  7 rats
411 creatures vanquished.

Vanquished Creatures (others)
  9 fungi
  4 plants
13 creatures vanquished.

Grand Total: 424 creatures vanquished
